 Dungeon Crawl Stone Soup version 0.29-a0-362-g5854e031c7 (webtiles) character file.

Game seed: 10196903761777160345

11410 enile the Fighter (level 12, -4/91 HPs)
             Began as a Djinni Hedge Wizard on Apr 29, 2022.
             Was an Elder of Nemelex Xobeh.
             Slain by a starcursed mass (7 damage)
             ... on level 1 of the Abyss.
             The game lasted 00:38:30 (15394 turns).

enile the Fighter (Djinni Hedge Wizard)            Turns: 15394, Time: 00:38:31

Health: -4/91      AC:  8    Str: 17    XL:     12   Next: 7%
Gold:   945        EV: 15    Int: 25    God:    Nemelex Xobeh [****..] SH:  5 Dex: 12

rFire   + + .      SeeInvis .   l - +3 demon whip (drain)
rCold   . . .      Faith    .   (no shield)
rNeg    . . .      Spirit   .   R - +2 robe {Will+}
rPois   ∞          Reflect  +   E - +1 helmet {Int+3}
rElec   .          Harm     .   (no cloak)
rCorr   .          Rampage  .   w - +1 pair of gloves "Wituv" {Str+2}
Will    ++...                   (boots unavailable)
Stlth   ++........              B - amulet of reflection
HPRegen 0.25/turn               n - +6 ring of strength
MPRegen 0.00/turn               m - ring of protection from cold

@: flying, invisible
A: sickness immunity, fire resistance 2, cold vulnerability 1, float, innate
caster, HP casting, extra vitality 1
a: Renounce Religion, Draw Escape, Draw Destruction, Draw Summoning, Triple
Draw, Deal Four


You were on level 1 of the Abyss.
You worshipped Nemelex Xobeh.
Nemelex Xobeh was greatly pleased with you.
You visited 1 branch of the dungeon, and saw 10 of its levels.
You visited the Abyss 1 time.
You also visited: Sewer and Bailey.

You collected 1207 gold pieces.
You spent 262 gold pieces at shops.

Inventory:

Hand Weapons
 k - a +2 dagger of flaming
 l - a +3 demon whip of draining (weapon)
 u - a +1 vorpal battleaxe
Armour
 e - a +2 robe of fire resistance
 t - an orb of guile
 w - the +1 pair of gloves "Wituv" (worn) {Str+2}
   (You found it in a sewer)

   Str:       It affects your strength (+2).
 y - a +1 leather armour of cold resistance
 E - a +1 helmet of intelligence (worn)
 R - a +2 robe of willpower (worn)
Jewellery
 a - the ring "Jaugaodo" {+Blink rN+ Will+ Dex-4}
   (You acquired it on level 1 of the Abyss)

   [ring of positive energy]

   Dex:       It affects your dexterity (-4).
   rN:        It protects you from negative energy.
   +Blink:    It lets you blink.
   Will:      It increases your willpower.
 m - a ring of protection from cold (right hand)
 n - a +6 ring of strength (left hand)
 B - an amulet of reflection (around neck)
 I - a ring of protection from fire
 K - a ring of fire
 Q - a ring of wizardry
Wands
 q - a wand of acid (6)
 C - a wand of paralysis (14)
 H - a wand of mindburst (2)
 P - a wand of flame (4)
Scrolls
 d - a scroll of silence
 g - 6 scrolls of teleportation
 i - 2 scrolls of brand weapon
 j - 3 scrolls of amnesia
 o - 2 scrolls of fog
 A - 2 scrolls of noise
 D - 2 scrolls of vulnerability
 F - a scroll of torment
 J - 2 scrolls of enchant armour {unknown}
 N - a scroll of fear
Potions
 f - 4 potions of haste
 h - 9 potions of mutation
 r - a potion of ambrosia
 s - 2 potions of degeneration
 v - a potion of invisibility
 x - a potion of attraction
 z - a potion of berserk rage
 G - 2 potions of lignification {unknown}
Miscellaneous
 M - a piece from Xom's chessboard (2/15)


   Skills:
 - Level 10.0 Fighting
 - Level 9.0 Dodging
 - Level 4.0 Stealth
 - Level 8.0 Spellcasting
 + Level 6.2 Invocations
 - Level 5.0 Evocations


You couldn't memorise any spells.
You knew the following spells:

 Your Spells              Type           Power      Damage    Failure   Level
a - Inner Flame           Hex/Fire       50%        N/A       1%          3
b - Blink                 Tloc           100%       N/A       1%          2
c - Mephitic Cloud        Conj/Pois/Air  50%        N/A       1%          3
d - Slow                  Hex            100%       N/A       1%          1
e - Conjure Flame         Conj/Fire      50%        6-21      1%          3
f - Call Imp              Summ           50%        N/A       1%          2
g - Beastly Appendage     Tmut           100%       N/A       1%          1
h - Passwall              Tmut/Erth      41%        N/A       1%          2
i - Magic Dart            Conj           100%       1d8       1%          1
j - Cause Fear            Hex            25%        N/A       2%          4
k - Silence               Hex/Air        25%        N/A       6%          5
Your spell library was empty.

Dungeon Overview and Level Annotations

Branches:
Dungeon (10/15)            Temple (0/1) D:6            Lair (0/6) D:9
  Sewer (visited)          Bailey (visited)
    Orc: D:9-12

Altars:
Elyvilon
Fedhas
Nemelex Xobeh

Shops:
D:2 *[(?(   D:8 *

Annotations:
D:7 3 runed translucent doors, Psyclone's ghost, novice DEIE
D:10 Sonja


Innate Abilities, Weirdness & Mutations

You are immune to sickness and miasma.
You are immune to poison.
Your flesh is very heat resistant. (rF++)
You are vulnerable to cold. (rC-)
You float through the air rather than walking.
You learn spells naturally, not from books.
Your magical power is your life essence.
You have superior vitality. (+4 MHP)


Message History

You fail to use your ability.
The starcursed mass closely misses you.
You deal a card...
You have dealt the Storm.
A mighty gale blasts forth from the card!
The starcursed mass is blown away by the wind.
You deal a card...
You have dealt the Orb.
Press: ? - help, Shift-Dir - straight line, f - starcursed mass
Aim: a starcursed mass (flame, inner flame)
The wavering orb of destruction weakly hits the starcursed mass!
Flame seeps out of the starcursed mass.
The starcursed mass is moderately damaged.
You deal a card...
You have dealt the Storm.
A fierce wind blows from the card.
You deal a card...
You have dealt Pain.
Press: ? - help, Shift-Dir - straight line, f/p - starcursed mass
Aim: a starcursed mass (flame, moderately damaged, inner flame)
The bolt of negative energy hits the starcursed mass.
The starcursed mass completely resists.
The starcursed mass is moderately damaged.
The starcursed mass shudders and is absorbed by its neighbour.
A starcursed mass splits.
Okay, then.
Okay, then.
Okay, then.
The walls disappear prematurely!
A starcursed mass splits.
Okay, then.
Okay, then.
You fade into invisibility!
A chorus of shrieks assaults your mind.
* * * LOW HITPOINT WARNING * * *
The starcursed mass barely misses you.
You deal a card...
You have dealt Exile.
Nothing appears to happen.
You deal a card...
You have dealt the Cloud.
Clouds appear around you!
You deal a card...
You have dealt Exile.
Nothing appears to happen.
You deal a card...
You have dealt the Cloud.
Nothing appears to happen.
The deck of cards glows slightly and disappears.
You can no longer stack cards.
The starcursed mass misses you. The starcursed mass touches you!
You die...
Your body disappears without a glow.

#.. .. .#
### # #.. .
# . ### # ##
.####.
.#.... .# #
# .#
.#....X...#.
# #....#..
## .X# X# #
## ###X .##
.# ... #.
.#. #X###.
.#. #.. . .
##@X#.#..# .
. #. # ###X#
#. # . §# .
# .. . ..
.## # ..# ..
. ..## . .
.. # . #. #
. . #


You could see 3 starcursed masses.

Vanquished Creatures
  A hydra (D:9)
  3 two-headed ogres
  A large abomination (Abyss:1)
  An orc knight (Bailey)
  2 manticores (D:8)
  A cyclops (D:8)
  A smoke demon (Abyss:1)
  A hornet (D:7)
  2 yaks (D:9)
  A basilisk (D:8)
  A golden eye (Abyss:1)
  A steam dragon (D:6)
  A vampire mosquito (D:8)
  2 acid dragons (D:9)
  A water moccasin (D:9)
  13 orc warriors
  An ice beast (D:6)
  4 black bears
  An ogre (D:4)
  6 centaurs
  2 phantoms (D:6)
  3 lemures (D:7)
  4 bullfrogs
  2 gnoll sergeants
  4 scorpions
  A kobold brigand (D:9)
  4 wights (D:9)
  A small abomination (Abyss:1)
  6 killer bees (D:8)
  2 howler monkeys
  5 jellies
  6 orc priests
  A hound (D:5)
  2 orc wizards
  2 iguanas
  9 gnolls
  2 river rats (Sewer)
  9 adders
  2 white imps
  An ufetubus (D:7)
  2 worms
  2 dart slugs (D:1)
  35 orcs
  10 endoplasms
  5 giant cockroaches
  15 goblins
  7 hobgoblins
  5 jackals (D:3)
  2 quokkas
  10 ball pythons
  3 bats
  6 frilled lizards
  33 kobolds
  10 rats
258 creatures vanquished.

Vanquished Creatures (collateral kills)
  Pikel (D:7)
  An ugly thing (D:8)
  Psyche (D:9)
  A tengu conjurer (D:8)
  A wraith (D:8)
  An ice beast (D:6)
  An ogre (D:5)
  A kobold brigand (D:8)
  A jelly (Sewer)
  An orc priest (D:7)
  An iguana (D:5)
  An orc wizard (D:7)
  An adder (D:3)
  A ball python (Sewer)
  A goblin (Bailey)
  2 kobolds (Bailey)
  A rat (Sewer)
18 creatures vanquished.

Vanquished Creatures (others)
  36 fungi
  53 plants
89 creatures vanquished.

Grand Total: 365 creatures vanquished

Notes
Turn   | Place    | Note
-------+----------+-------------------------------------------
     0 | D:1      | enile the Djinni Hedge Wizard began the quest for the Orb.
     0 | D:1      | Reached XP level 1. HP: 15/15 MP: 0/0
   121 | D:1      | Reached skill level 1 in Fighting
   340 | D:1      | Reached XP level 2. HP: 10/22 MP: 0/0
   727 | D:1      | Reached skill level 2 in Fighting
   923 | D:1      | Reached XP level 3. HP: 19/28 MP: 0/0
   923 | D:1      | Learned a level 1 spell: Beastly Appendage
  1577 | D:1      | Found a faded altar of an unknown god.
  1588 | D:1      | Prayed at the altar of an unknown god.
  1588 | D:1      | Became a worshipper of Nemelex Xobeh the Trickster
  1588 | D:1      | Reached * piety under Nemelex Xobeh
  1588 | D:1      | Received a gift from Nemelex Xobeh
  1697 | D:2      | Found Sananes's General Store.
  1703 | D:2      | Found a blossoming altar of Fedhas.
  1713 | D:2      | Bought a potion of curing for 33 gold pieces
  1713 | D:2      | Bought a scroll of teleportation for 33 gold pieces
  1831 | D:2      | Found Geylympi's Armour Shop.
  2009 | D:2      | Found Buadio's Magic Scroll Boutique.
  2011 | D:2      | Found Boymiq's Weapon Boutique.
  2019 | D:2      | Reached XP level 4. HP: 32/34 MP: 0/0
  2037 | D:2      | Bought a scroll of fog for 22 gold pieces
  2042 | D:2      | Found Hiodi's Weapon Shop.
  2369 | D:3      | Reached skill level 3 in Fighting
  2462 | D:3      | Found a white marble altar of Elyvilon.
  2485 | D:3      | Reached XP level 5. HP: 29/40 MP: 0/0
  2485 | D:3      | Learned a level 2 spell: Passwall
  2725 | D:3      | Reached ** piety under Nemelex Xobeh
  3454 | D:4      | Found a glowing drain.
  3458 | Sewer    | Entered a sewer
  3750 | Sewer    | Reached XP level 6. HP: 47/47 MP: 0/0
  3752 | Sewer    | Reached skill level 4 in Fighting
  4264 | Sewer    | Found a viscous altar of Jiyva.
  4301 | Sewer    | Reached XP level 7. HP: 52/53 MP: 0/0
  4301 | Sewer    | Learned a level 3 spell: Inner Flame
  4333 | Sewer    | Identified the +1 pair of gloves "Wituv" {Str+2}
  4647 | D:4      | Received a gift from Nemelex Xobeh
  4730 | D:4      | Reached skill level 5 in Fighting
  5021 | D:4      | Reached *** piety under Nemelex Xobeh
  5324 | D:5      | Entered Level 5 of the Dungeon
  5509 | D:5      | Received a gift from Nemelex Xobeh
  5866 | D:5      | Reached skill level 5 in Spellcasting
  5959 | D:5      | Reached skill level 1 in Invocations
  6354 | D:5      | Received a gift from Nemelex Xobeh
  6406 | D:5      | Reached XP level 8. HP: 57/59 MP: 0/0
  6784 | D:6      | Reached skill level 5 in Invocations
  6784 | D:6      | Reached skill level 1 in Evocations
  6879 | D:6      | Found a staircase to the Ecumenical Temple.
  7486 | D:6      | Reached XP level 9. HP: 59/65 MP: 0/0
  7486 | D:6      | Learned a level 4 spell: Cause Fear
  7938 | D:7      | Reached skill level 5 in Evocations
  8099 | D:7      | Noticed a hornet
  8104 | D:7      | Killed a hornet
  8105 | D:7      | Reached skill level 5 in Dodging
  8344 | D:7      | Found a runed translucent gate.
  8345 | D:7      | Found a runed translucent gate.
  8346 | D:7      | Found a runed translucent gate.
  8347 | D:7      | Noticed Psyclone's ghost (novice DEIE)
  8372 | D:7      | Noticed Pikel
  8392 | D:7      | Received a gift from Nemelex Xobeh
  8411 | D:7      | Killed Pikel
  8412 | D:7      | Reached skill level 6 in Fighting
  8660 | D:7      | Reached **** piety under Nemelex Xobeh
  8752 | D:7      | Received a gift from Nemelex Xobeh
  9037 | D:8      | Found Bassitto's General Store.
  9043 | D:8      | Bought a scroll of fear for 42 gold pieces
  9043 | D:8      | Bought a scroll of teleportation for 36 gold pieces
  9043 | D:8      | Bought a potion of mutation for 96 gold pieces
  9052 | D:8      | Noticed a two-headed ogre
  9084 | D:8      | Killed a two-headed ogre
  9085 | D:8      | Reached skill level 8 in Fighting
  9085 | D:8      | Reached XP level 10. HP: 44/76 MP: 0/0
  9232 | D:8      | Found a flagged portal.
  9243 | D:8      | Noticed a manticore
  9247 | D:8      | Killed a manticore
  9261 | D:8      | Reached skill level 9 in Fighting
  9327 | D:8      | Noticed a purple ugly thing
  9344 | D:8      | Killed a purple ugly thing
  9707 | Bailey   | Entered a bailey
  9948 | Bailey   | Reached skill level 10 in Fighting
 10134 | Bailey   | Noticed an orc knight
 10150 | Bailey   | Killed an orc knight
 10199 | Bailey   | Reached XP level 11. HP: 16/85 MP: 0/0
 10199 | Bailey   | Learned a level 5 spell: Silence
 11042 | D:8      | Noticed a cyclops
 11338 | D:8      | Killed a cyclops
 11390 | D:8      | Noticed a two-headed ogre
 11407 | D:8      | Killed a two-headed ogre
 11763 | D:8      | Noticed a manticore
 11825 | D:8      | Killed a manticore
 12161 | D:8      | Received a gift from Nemelex Xobeh
 12331 | D:8      | Noticed a centaur warrior
 12870 | D:9      | Noticed a seven-headed hydra
 12916 | D:9      | Killed a seven-headed hydra
 13856 | D:9      | Found a staircase to the Lair.
 13862 | D:9      | Received a gift from Nemelex Xobeh
 13958 | D:9      | Reached ***** piety under Nemelex Xobeh
 14043 | D:9      | Received a gift from Nemelex Xobeh
 14251 | D:9      | Noticed a two-headed ogre
 14284 | D:9      | Killed a two-headed ogre
 14291 | D:9      | Noticed Psyche
 14318 | D:9      | Killed Psyche
 14319 | D:9      | Reached XP level 12. HP: 29/91 MP: 0/0
 15065 | D:9      | Received a gift from Nemelex Xobeh
 15243 | D:10     | Entered Level 10 of the Dungeon
 15243 | D:10     | Noticed Sonja
 15252 | D:10     | Cast into level 1 of the Abyss (Sonja)
 15296 | Abyss:1  | Noticed a hell hog
 15340 | Abyss:1  | Noticed a large abomination
 15356 | Abyss:1  | Killed a large abomination
 15359 | Abyss:1  | Noticed a starcursed mass
 15387 | Abyss:1  | Identified a scroll of acquirement
 15387 | Abyss:1  | Acquired the ring "Jaugaodo" {+Blink rN+ Will+ Dex-4}
 15394 | Abyss:1  | Slain by a starcursed mass

Illustrated notes

Levels and vault maps discovered:
D:1:      dpeg_arrival_pits, layout_rooms, chequers_ecumenical_altar_simple
D:2:      layout_basic, serial_shops, shop, nicolae_shop_window_shopping,
          nicolae_lakefront_shop, shop, nicolae_shop_trees, basic_altar
D:3:      layout_rooms, elyvilon_altar_1
D:4:      layout_basic, gup_sewer_entry_bowl, grunt_decor_mini_mirrors,
          serial_bayou_lagoon_b
D:5:      layout_basic
D:6:      layout_loops_cross, minmay_temple_entry_waves
D:7:      layout_loops_ring, gammafunk_ghost_nasty_kobolds, uniq_pikel
D:8:      minmay_cut_squares, layout_loops_ring, enter_bailey_3, serial_shops,
          shop, minivault_26
D:9:      layout_stronghold, due_lair_maze_entry_diamond, uniq_psyche
D:10:     layout_stronghold, uniq_sonja, uniq_gastronok, uniq_urug
Abyss:1:  base:
D:9

Skill      XL: |  1  2  3  4  5  6  7  8  9 10 11 12 |
---------------+-------------------------------------+-----
Fighting       | 1 2 3 4 5 8 10 | 10.0
Spellcasting   | 3 4 5 8 |  8.0
Invocations    | 2 5 6 |  6.2
Evocations     | 4 5 |  5.0
Dodging        | 6 9 |  9.0
Stealth        | 2 4 |  4.0

Action                   |  1- 3 |  4- 6 |  7- 9 | 10-12 || total
-------------------------+-------+-------+-------+-------++-------
Melee: Demon whip        |    14 |   140 |   153 |   150 ||   457
       Punch             |       |       |     2 |     1 ||     3
       Headbutt          |       |       |     1 |       ||     1
Throw: Throwing net      |       |       |       |     2 ||     2
 Cast: Magic Dart        |    82 |     5 |     3 |    16 ||   106
       Mephitic Cloud    |       |     3 |     5 |    19 ||    27
       Call Imp          |       |     5 |    11 |    29 ||    45
       Inner Flame       |       |       |    22 |    72 ||    94
       Blink             |       |       |     2 |     2 ||     4
       Cause Fear        |       |       |     1 |     6 ||     7
       Beastly Appendage |       |       |     1 |       ||     1
       Conjure Flame     |       |       |       |     1 ||     1
       Slow              |       |       |       |     5 ||     5
Invok: Draw Escape       |       |       |     1 |    12 ||    13
       Draw Summoning    |       |       |     1 |     4 ||     5
       Draw Destruction  |       |       |       |    10 ||    10
       Deal Four         |       |       |       |     2 ||     2
       Triple Draw       |       |       |       |     1 ||     1
Evoke: Wand              |       |       |       |     6 ||     6
       Piece from Xom's  |       |       |       |    14 ||    14
  Use: Scroll            |       |     5 |     5 |     6 ||    16
       Potion            |       |       |     2 |     5 ||     7
 Stab: Sleeping          |       |     5 |     2 |       ||     7
       Confused          |       |     2 |     1 |     2 ||     5
Armor: Robe              |     6 |    18 |     2 |    19 ||    45
       Leather armour    |       |       |    43 |    58 ||   101
Dodge: Dodged            |    12 |    89 |   106 |   166 ||   373
Block: Other             |       |       |    28 |    44 ||    72
       Reflection        |       |       |     1 |     3 ||     4

Table legend: (Time is in decaauts)
 A = Elapsed time spent in this place.
 B = Non-inter-level travel time spent in this place.
 C = Inter-level travel time spent in this place.
 D = Time resting spent in this place.
 E = Time spent auto-exploring this place.
 F = Levels seen in this place.
 G = Mean time per level.
                   A        B        C        D        E       F      G
               +--------+--------+--------+--------+--------+-----+--------+
         Total |  15443 |  15050 |    393 |    237 |  12304 |  13 | 1187.9 |
       Dungeon |  13095 |  12702 |    393 |    213 |  10636 |  10 | 1309.5 |
         Abyss |    143 |    143 |      0 |      0 |      0 |   1 |  143.0 |
         Sewer |    905 |    905 |      0 |     19 |    676 |   1 |  905.0 |
        Bailey |   1299 |   1299 |      0 |      5 |    992 |   1 | 1299.0 |
               +--------+--------+--------+--------+--------+-----+--------+

Top non-repeatable levels by time:
     D:8: 2674 daAuts
     D:9: 2249 daAuts
     D:1: 1676 daAuts
     D:6: 1362 daAuts
     D:4: 1325 daAuts
  Bailey: 1299 daAuts
     D:5: 1237 daAuts
     D:7: 1129 daAuts
   Sewer: 905 daAuts
     D:3: 743 daAuts
     D:2: 688 daAuts
 Abyss:1: 143 daAuts
    D:10: 8 daAuts
